 Dungeon Crawl Stone Soup version 0.29-a0-620-g13ace881f2 (webtiles) character file.

Game seed: 14145433276974637530

18 CrazyBamboolord the Skirmisher (level 2, 0/19 HPs)
             Began as a Kobold Fighter on June 18, 2022.
             Slain by a kobold
             ... wielding a +2 dagger of flaming
              (2 damage)
             ... on level 2 of the Dungeon.
             The game lasted 00:00:48 (970 turns).

CrazyBamboolord the Skirmisher (Kobold Fighter)      Turns: 970, Time: 00:00:49

Health: 0/19       AC:  6    Str: 13    XL:     2   Next: 90%
Magic:  2/2        EV: 10    Int:  9    God:
Gold:   72         SH:  5    Dex: 14    Spells: 1/1 levels left

rFire   . . .      SeeInvis .   a - +0 rapier
rCold   . . .      Faith    .   c - +0 buckler
rNeg    . . .      Spirit   .   b - +0 scale mail
rPois   .          Reflect  .   (no helmet)
rElec   .          Harm     .   (no cloak)
rCorr   .          Rampage  .   (no gloves)
Will    .....                   (no boots)
Stlth   +.........              (no amulet)
HPRegen 0.06/turn               (no ring)
MPRegen 0.08/turn               (no ring)

@: no status effects
A: small, no large weapons, nightstalker 3
a: no special abilities


You were on level 2 of the Dungeon.
You visited 1 branch of the dungeon, and saw 2 of its levels.

You collected 72 gold pieces.

Inventory:

Hand Weapons
 a - a +0 rapier (weapon)
Armour
 b - a +0 scale mail (worn)
 c - a +0 buckler (worn)
Scrolls
 h - a scroll of teleportation {unknown}
 i - a scroll of immolation {unknown}
 k - a scroll of enchant armour {unknown}
 l - a scroll of summoning {unknown}
 m - a scroll of identify {unknown}
Potions
 d - a potion of might
 e - 2 potions of curing {unknown}
 f - a potion of mutation {unknown}
 g - a potion of degeneration {unknown}
 j - 2 potions of flight {unknown}


   Skills:
 * Level 3.5 Fighting
 * Level 3.0 Short Blades
 + Level 2.5 Armour
 * Level 0.8 Dodging
 + Level 0.4 Stealth
 + Level 2.5 Shields


You had one spell level left.
You didn't know any spells.
Your spell library was empty.

Dungeon Overview and Level Annotations

Branches:
Dungeon (2/15)

Altars:


Innate Abilities, Weirdness & Mutations

You are small and have problems with some larger weapons.
You are completely attuned to the shadows.


Message History

The kobold attacks as you move away! You block the kobold's attack.
The bat barely misses you. x2; The goblin hits you with a +0 club.
The endoplasm quivers.
You hit the bat.
You kill the bat!
An adder comes into view.
The kobold hits you but does no damage. You block the goblin's attack.
You see here a bat corpse.
You block the kobold's attack. The goblin attacks as you move away!
The goblin hits you with a +0 club.
An endoplasm comes into view.
The kobold attacks as you move away! You block the kobold's attack.
The endoplasm quivers.
You hit the endoplasm.
The endoplasm is lightly wounded.
The endoplasm hits you but does no damage.
You block the kobold's attack.
You hit the endoplasm.
You kill the endoplasm!
The kobold hits you with a +2 dagger of flaming.
The kobold burns you. The kobold attacks as you move away!
The kobold hits you with a +2 dagger of flaming.
The kobold burns you. The kobold attacks as you move away!
The kobold hits you with a +2 dagger of flaming.
The kobold burns you.
Found a stone staircase leading down.
You hit the kobold but do no damage. The kobold closely misses you.
You barely miss the kobold.
The kobold hits you with a +2 dagger of flaming.
The kobold burns you.
* * * LOW HITPOINT WARNING * * *
The goblin hits you but does no damage.
Found a scroll labelled FIZEVICO ZAPHU.
The kobold barely misses you.
A jackal comes into view.
The kobold attacks as you move away!
The kobold hits you with a +2 dagger of flaming.
* * * LOW HITPOINT WARNING * * *
The kobold burns you.
You die...

.h ##...######....
#...............
#...(.##@.#.....#
#.....###K.....?#
#..<..# #...>...#
.......###..g....#
.#....Jā€ #####.#...
###.##.#####.....
.........g.J....
##S##..##.##..ā‰ˆā‰ˆ
# ##..#.# #ā‰ˆ..


You could see a jackal (wandering), a goblin and a kobold.

Vanquished Creatures
  3 ball pythons (D:1)
  2 endoplasms
  A goblin (D:1)
  4 hobgoblins (D:1)
  A quokka (D:1)
  3 bats
  A rat (D:1)
15 creatures vanquished.

Notes
Turn   | Place    | Note
-------+----------+-------------------------------------------
     0 | D:1      | CrazyBamboolord the Kobold Fighter began the quest for the
                  | Orb.
     0 | D:1      | Reached XP level 1. HP: 14/14 MP: 1/1
   350 | D:1      | Reached XP level 2. HP: 19/19 MP: 2/2
   970 | D:2      | Slain by a kobold

Illustrated notes

Levels and vault maps discovered:
D:1:      dpeg_arrival_more_subterranean_lakeside_camping, layout_basic
D:2:      layout_rooms, basic_altar, chequers_ecumenical_altar_island,
          kennysheep_generic_room_12

Skill      XL: |  1  2 |
---------------+-------+-----
Short Blades   | 3 |  3.0
Fighting       | |  3.5
Armour         | |  2.5
Dodging        | |  0.8
Stealth        | |  0.4
Shields        | |  2.5

Action                   || total
-------------------------++-------
Melee: Rapier            ||    43
 Stab: Sleeping          ||     2
Armor: Scale mail        ||    13
Dodge: Dodged            ||    22
Block: Buckler           ||    17

Table legend: (Time is in decaauts)
 A = Elapsed time spent in this place.
 B = Non-inter-level travel time spent in this place.
 C = Inter-level travel time spent in this place.
 D = Time resting spent in this place.
 E = Time spent auto-exploring this place.
 F = Levels seen in this place.
 G = Mean time per level.
                   A        B        C        D        E       F      G
               +--------+--------+--------+--------+--------+-----+--------+
         Total |    980 |    915 |     65 |      0 |    798 |   2 |  490.0 |
       Dungeon |    980 |    915 |     65 |      0 |    798 |   2 |  490.0 |
               +--------+--------+--------+--------+--------+-----+--------+

Top non-repeatable levels by time:
     D:1: 954 daAuts
     D:2: 25 daAuts
